 Dungeon Crawl Stone Soup version 0.30.1-11-g7821555f0a (webtiles) character file.

Game seed: 7742138535338915556

45 Dordric the Chopper (level 3, -10/31 HPs)
             Began as a Hill Orc Monk on Nov 2, 2023.
             Mangled by a gnoll bouda
             ... wielding a +0 whip
              (11 damage)
             ... on level 2 of the Dungeon.
             The game lasted 00:01:31 (1241 turns).

Dordric the Chopper (Hill Orc Monk)                 Turns: 1241, Time: 00:01:32

Health: -10/31     AC:  3    Str: 15    XL:     3   Next: 64%
Magic:  3/3        EV: 12    Int: 10    God:
Gold:   97         SH:  0    Dex: 13    Spells: 2/2 levels left

rFire   . . .        a - +0 hand axe
rCold   . . .        d - orb {light}
rNeg    . . .        b - +0 robe
rPois   .            f - +1 hat
rElec   .            (no cloak)
rCorr   .            (no gloves)
SInv    .            (no boots)
Will    .....        (no amulet)
Stlth   +            (no ring)
HPRegen 0.25/turn    (no ring)
MPRegen 0.08/turn

%: no passive effects
@: weakened, glowing
A: no striking features
a: no special abilities


You were on level 2 of the Dungeon.
You visited 1 branch of the dungeon, and saw 2 of its levels.

You collected 97 gold pieces.

Inventory:

Hand Weapons
 a - a +0 hand axe (weapon)
Armour
 b - a +0 robe (worn)
 d - an orb of light (worn)
 f - a +1 hat (worn)
Scrolls
 e - 2 scrolls of fear {unknown}
 g - 3 scrolls of identify {unknown}
 i - 2 scrolls of teleportation {unknown}
 l - a scroll of fog {unknown}
 m - a scroll of vulnerability {unknown}
 n - a scroll of butterflies {unknown}
Potions
 c - a potion of ambrosia
 h - a potion of curing {unknown}
 j - a potion of resistance {unknown}
 k - a potion of brilliance {unknown}


   Skills:
 - Level 3.6 Fighting
 + Level 6.0 Axes
 - Level 2.4 Dodging


You had 2 spell levels left.
You didn't know any spells.
Your spell library was empty.

Dungeon Overview and Level Annotations

Branches:
Dungeon (2/15)

Altars:

Shops:
D:1 :


Message History

You hit the gnoll bouda.
The gnoll bouda is lightly wounded.
The gnoll bouda gazes fiercely through you!
You feel your attacks grow feeble. The gnoll bouda closely misses you.
You hit the gnoll bouda.
The gnoll bouda is moderately wounded.
The gnoll bouda hits you with a +0 whip.
* * * LOW HITPOINT WARNING * * *
You are confused.
You feel invigorated. The gnoll bouda closely misses you.
You're too confused to attack without stumbling around!
You're too confused to attack without stumbling around!
You're too confused to attack without stumbling around!
You're too confused to attack without stumbling around!
You're too confused to attack without stumbling around!
You bump into the rock wall.
The gnoll bouda gazes fiercely through you!
You feel as though you will be weak longer.
The gnoll bouda hits you with a +0 whip.
* * * LOW HITPOINT WARNING * * *
You closely miss the gnoll bouda.
The gnoll bouda is moderately wounded.
The gnoll bouda hits you with a +0 whip!
* * * LOW HITPOINT WARNING * * *
You feel less invigorated.
You feel less confused.
You hit the gnoll bouda but do no damage.
The gnoll bouda is moderately wounded.
The gnoll is no longer moving quickly.
The gnoll bouda hits you with a +0 whip!
* * * LOW HITPOINT WARNING * * *
You hit the gnoll bouda but do no damage.
The gnoll bouda is moderately wounded.
The gnoll bouda barks out a call to the hunt!
The gnoll picks up the pace!
You hit the gnoll bouda.
The gnoll bouda is heavily wounded.
The gnoll bouda hits you with a +0 whip!
You die...

.r.g..J..##.# #+# .>
.........#.. #.##.#
.......J.b. #....#
..........######.###########
............................
.......####..#############
#...# ##..## # #.#l###..##
#..glrg@## #### #.....#####
#####... #.#...# ##.....## #
##... #..##### ##.# #### #.#
..# ..


You could see a gnoll bouda, a gnoll (swift), 2 frilled lizards and a rat.

Vanquished Creatures
  2 dart slugs
  4 ball pythons
  4 endoplasms
  5 goblins
  4 hobgoblins
  2 quokkas
  5 bats
  2 frilled lizards (D:2)
  5 kobolds (D:1)
  2 rats (D:1)
35 creatures vanquished.

Notes
Turn   | Place    | Note
-------+----------+-------------------------------------------
     0 | D:1      | Dordric the Hill Orc Monk began the quest for the Orb.
     0 | D:1      | Reached XP level 1. HP: 19/19 MP: 1/1
    99 | D:1      | Reached XP level 2. HP: 23/26 MP: 2/2
   116 | D:1      | Found a faded altar of an unknown god.
   202 | D:1      | Reached skill level 5 in Axes
   495 | D:1      | Reached XP level 3. HP: 28/31 MP: 3/3
   596 | D:1      | Found Qotuf's Book Shop.
  1211 | D:2      | Reached skill level 6 in Axes
  1239 | D:2      | HP: 1/31 [gnoll bouda/+0 whip (8)]
  1241 | D:2      | Mangled by a gnoll bouda

Illustrated notes

Levels and vault maps discovered:
D:1:      mrwooster_arrival_statue, layout_basic, serial_forest,
          infiniplex_forest_corner_2, infiniplex_forest_lined_2,
          infiniplex_forest_straight_3, infiniplex_forest_lined_room_3,
          infiniplex_forest_straight_4, infiniplex_forest_end_2,
          infiniplex_forest_straight_2, hellmonk_ecumenical_altar_blasted,
          serial_shops, shop
D:2:      layout_rooms, serial_forest, infiniplex_forest_lined_room_3,
          infiniplex_forest_end_2, infiniplex_forest_clump_small,
          infiniplex_forest_end_double, infiniplex_forest_clump_medium,
          infiniplex_forest_clump_cross, kennysheep_generic_room_14

Skill      XL: |  1  2  3 |
---------------+----------+-----
Axes           | 5 6 |  6.0
Fighting       | |  3.6
Dodging        | |  2.4

Action                     || total
---------------------------++-------
  Melee: Hand axe          ||   303
    Use: Potion            ||     1
 Armour: Robe              ||    15
  Dodge: Dodged            ||    39
